 Dungeon Crawl Stone Soup version 0.26-a0-28-gc929df5 (webtiles) character file.

Game seed: 13471206601727779973, levelgen mode: deterministic

78 Ayyar the Ducker (level 4, -4/34 HPs)
             Began as a Demonspawn Gladiator on May 27, 2020.
             Slain by Sigmund
             ... wielding a +2 scythe of protection
              (11 damage)
             ... on level 2 of the Dungeon.
             The game lasted 00:05:47 (1665 turns).

Ayyar the Ducker (Demonspawn Gladiator)             Turns: 1665, Time: 00:05:48

Health: -4/34      AC:  8    Str: 13 (16) XL:     4   Next: 15%
Magic:  4/4        EV: 10    Int:  7 (9)  God:
Gold:   73         SH:  0    Dex: 11 (14) Spells: 3/3 levels left

rFire    . . .     SeeInvis .   a - +0 trident
rCold    . . .     Gourm    .   (no shield)
rNeg     . . .     Faith    .   t - +0 scale mail
rPois    .         Spirit   .   c - +0 helmet
rElec    .         Reflect  .   (no cloak)
rCorr    .         Harm     .   o - +0 pair of gloves
MR       .....                  (no boots)
Stlth    ..........             (no amulet)
HPRegen  0.11/turn              (no ring)
MPRegen  0.09/turn              (no ring)

@: brilliant
A: claws 2
a: no special abilities


You were on level 2 of the Dungeon.
You were hungry.

You visited 1 branch of the dungeon, and saw 2 of its levels.

You collected 73 gold pieces.

Inventory:

Hand Weapons
 a - a +0 trident (weapon)
Missiles
 d - 3 throwing nets
 i - 3 boomerangs (quivered)
Armour
 c - a +0 helmet (worn)
 o - a +0 pair of gloves (worn)
 t - a +0 scale mail (worn)
Jewellery
 m - an uncursed ring of stealth {unknown}
Scrolls
 h - a scroll of enchant armour {unknown}
 j - 4 scrolls of teleportation {unknown}
 k - 2 scrolls of enchant weapon {unknown}
 p - a scroll of fog {unknown}
 q - a scroll of remove curse {unknown}
 r - a scroll of immolation {unknown}
Potions
 b - a potion of ambrosia {unknown}
 e - a potion of curing
 g - a potion of resistance {unknown}
 l - a potion of berserk rage {unknown}
Comestibles
 f - 5 rations
 u - 4 chunks of flesh


   Skills:
 + Level 2.8 Fighting
 + Level 3.2 Polearms
 + Level 2.5 Throwing
 + Level 3.2 Dodging


You had 3 spell levels left.
You didn't know any spells.
Your spell library was empty.

Dungeon Overview and Level Annotations

Branches:
Dungeon (2/15)

Altars:
Gozag
Ru

Annotations:
D:2 Sigmund


Innate Abilities, Weirdness & Mutations

You have very sharp fingernails.


Message History

You hear some strange, mumbled words.
You are confused.
You're too confused!
Something hits you.
Things that are here:
a dart slug corpse; an adder corpse Something hits you.
Something hits you!
* * * LOW HITPOINT WARNING * * *
Found a kite shield.
You feel less confused. Something hits you.
* * * LOW HITPOINT WARNING * * *
It was a potion of degeneration.
There was something very wrong with that liquid.
You feel weakened.
You feel dopey.
You feel clumsy.
It was a potion of brilliance.
You feel clever all of a sudden. Something hits you!
You die...

. ### #.#
.....#.######## .
#.##.#.##.....## ...
###.###...+.....'. ...#
##.....##.##....÷##
.....#.8...8.#..'.....'.
.....#.......#..#.....##
........._......#.....#
..[.#.@.....########## .
#.8÷..8.# ##.....##
###†### #..#
.............#
.............#
+###........%#
#.........# ##


There were no monsters in sight!

Vanquished Creatures
  Robin (D:2)
  3 adders (D:2)
  A worm (D:2)
  2 dart slugs (D:2)
  A giant cockroach (D:1)
  7 goblins
  4 hobgoblins (D:2)
  6 kobolds (D:1)
  A ball python (D:2)
  3 bats
  4 frilled lizards
  4 rats
37 creatures vanquished.

Notes
Turn   | Place    | Note
-------+----------+-------------------------------------------
     0 | D:1      | Ayyar the Demonspawn Gladiator began the quest for the Orb.
     0 | D:1      | Reached XP level 1. HP: 16/16 MP: 1/1
   397 | D:1      | Gained mutation: You have sharp fingernails. [demonic
                  | ancestry]
   397 | D:1      | Reached XP level 2. HP: 22/22 MP: 2/2
  1022 | D:2      | Noticed Robin
  1024 | D:2      | Gained mutation: You have very sharp fingernails. [demonic
                  | ancestry]
  1024 | D:2      | Reached XP level 3. HP: 27/28 MP: 3/3
  1044 | D:2      | Killed Robin
  1282 | D:2      | Found a sacrificial altar of Ru.
  1593 | D:2      | Found an opulent altar of Gozag.
  1615 | D:2      | Reached XP level 4. HP: 31/34 MP: 4/4
  1623 | D:2      | Noticed Sigmund
  1665 | D:2      | Slain by Sigmund

Illustrated notes

Levels and vault maps discovered:
D:1:      nicolae_arrival_somewhat_less_tricky_arrival, layout_rooms
D:2:      layout_basic, hangedman_ru_absence, overflow_temple_1_default,
          first_ration, grunt_gozag_statues, uniq_robin, uniq_sigmund

Skill      XL: |  1  2 |
---------------+-------+-----
Throwing       | 2 |  2.5
Polearms       | 3 |  3.2
Dodging        | 3 |  3.2
Fighting       | |  2.8

Action                   |  1- 3 |  4- 6 || total
-------------------------+-------+-------++-------
Melee: Trident           |   130 |    20 ||   150
  Use: Potion            |       |     4 ||     4
 Stab: Sleeping          |     1 |       ||     1
  Eat: Chunk             |     2 |       ||     2
Armor: Leather armour    |    21 |       ||    21
       Scale mail        |     9 |     8 ||    17
Dodge: Dodged            |    77 |    13 ||    90

Table legend:
 A = Non-vault XP
 B = Vault XP
 C = Vault XP percentage of total XP
 D = Non-vault monster count
 E = Vault monster count
 F = Vault count percentage of total count
                 A         B        C        D         E       F
            +---------+---------+-------+---------+---------+-------
      Total |      81 |      31 |  27.7 |      28 |       9 |  24.3
            +---------+---------+-------+---------+---------+-------
        D:1 |      17 |       0 |   0.0 |      13 |       0 |   0.0
        D:2 |      64 |      31 |  32.6 |      15 |       9 |  37.5
            +---------+---------+-------+---------+---------+-------
